[Event "Late-Titled-Tuesday-Blitz-February-20-2024"]
[Site "Chess.com"]
[Date "2024.02.20"]
[Round "4"]
[White "Yushko_Olga"]
[Black "Piotrek1979"]
[Result "1-0"]
[WhiteElo "2216"]
[BlackElo "2413"]
[TimeControl "180+1"]
[EndTime "14:38:56 PST"]
[Termination "Yushko_Olga won on time"]

1. d4 Nf6 2. c4 e6 3. Nc3 Bb4 4. Bd2 O-O 5. Nf3 b6 6. a3 Bxc3 7. Bxc3 Bb7 8. g3 Bxf3 9. exf3 d5 10. Be2 dxc4 11. Bxc4 Nc6 12. O-O Nd5 13. Rc1 Nce7 14. Bd2 Qd7 15. b4 a6 16. Re1 Rfd8 17. Bd3 Nf5 18. Bxf5 exf5 19. Re5 f6 20. Re2 Re8 21. Be3 a5 22. Bd2 axb4 23. axb4 Rxe2 24. Qxe2 Ra2 25.
Qd3 h5 26. b5 Rb2 27. Rc6 Kh7 28. g4 hxg4 29. fxg4 g6 30. h3 fxg4 31. Bc1 Ra2 32.
Qg3 gxh3 33. Bf4 h2+ 34. Qxh2+ Kg8 35. Qg3 Nxf4 36. Qxf4 Qd5 37. Qxf6 Ra1+ 38. Kh2 Qh5+ 39. Kg2 Qh1+ 40. Kg3 Rg1+ 41. Kf4 Qh2+ 42. Ke4 Qg2+ 43.
f3 Qe2+ 44. Kf4 Qd2+ 45. Ke5 1-0

[Event "Late-Titled-Tuesday-Blitz-February-20-2024"]
[Site "Chess.com"]
[Date "2024.02.20"]
[Round "4"]
[White "ridnani1"]
[Black "mirciulica14"]
[Result "0-1"]
[WhiteElo "2383"]
[BlackElo "2643"]
[TimeControl "180+1"]
[EndTime "14:38:57 PST"]
[Termination "mirciulica14 won by resignation"]

1. e4 g6 2. d4 c6 3. Nf3 d5 4. exd5 cxd5 5. Bd3 Nc6 6. c3 Nf6 7. Bf4 Bg7 8. Nbd2 O-O 9. O-O Nh5 10. Bg3 Nxg3 11.
hxg3 Rb8 12. Re1 b5 13. a3 a5 14. Qe2 Qb6 15. b4 a4 16. Nf1 e6 17. N1h2 Bd7 18.
Ng4 Rfc8 19. Rac1 Rc7 20. Rc2 Be8 21. Rec1 Ne7 22. Qd2 h5 23. Nge5 Rbc8 24. g4 hxg4 25. Nxg4 Nc6 26. Qe2 Ne7 27. Nge5 Qb8 28. g4 Nc6 29.
Nxc6 Bxc6 30. Ne5 Be8 31. f4 Rb7 32. f5 exf5 33. gxf5 Re7 34. Re1 f6 35. Qf3 fxe5 36. f6 e4 37. fxg7 exf3 38. Rxe7 Rc7 39. Rxc7 Qxc7 40. Kf2 Kxg7 41. Kxf3 Bd7 42. Ke3 Bf5 43. Bxf5 gxf5 44. Rg2+ Kf6 45. Kd3 Qf4 46. Re2 Qc1 47.
Rc2 Qxa3 48. Re2 Qb3 49. Rh2 a3 50. Rh6+ Kg5 51. Rh1 0-1

[Event "Late-Titled-Tuesday-Blitz-February-20-2024"]
[Site "Chess.com"]
[Date "2024.02.20"]
[Round "4"]
[White "BabageldiAnnaberdiyev"]
[Black "SharathRk6"]
[Result "1-0"]
[WhiteElo "2626"]
[BlackElo "2398"]
[TimeControl "180+1"]
[EndTime "14:38:58 PST"]
[Termination "BabageldiAnnaberdiyev won by resignation"]

1. e4 e5 2. Nf3 Nc6 3. Bc4 Bc5 4. c3 Nf6 5. d4 exd4 6. cxd4 Bb4+ 7. Nc3 Nxe4 8. O-O Bxc3 9. d5 Bf6 10. Re1 Ne7 11.
Rxe4 d6 12. Bg5 Bxg5 13. Nxg5 O-O 14. Nxh7 Bf5 15. Rxe7 Qxe7 16. Nxf8 Rxf8 17. Rc1 Re8 18.
Bf1 Be4 19. Qb3 Qg5 20. Re1 Re5 21. Qxb7 Bxd5 22. Rxe5 Qxe5 23. Qxc7 Be6 24. b3 a5 25. h3 Qc5 26. Qd8+ Kh7 27. Qe7 a4 28. Qh4+ Kg8 29. Qxa4 d5 30. Qe8+ Kh7 31. Qd8 d4 32. h4 Bf5 33.
Qg5 Qd5 34. g4 Be4 35. Qxd5 Bxd5 36. Bd3+ Kh6 37. Kh2 g5 38. Kg3 gxh4+ 39. Kxh4 Kg7 40. f4 f6 41. g5 fxg5+ 42. Kxg5 Kf7 43. f5 Ke7 44.
Kf4 Kf6 45. Bc2 Bc6 46. a4 Bd5 47. a5 Bc6 48. Bd3 Bd5 49. b4 Bc6 50. b5 Bb7 51.
b6 Ba8 1-0

[Event "Late-Titled-Tuesday-Blitz-February-20-2024"]
[Site "Chess.com"]
[Date "2024.02.20"]
[Round "4"]
[White "chessydotcom"]
[Black "Fluffey"]
[Result "0-1"]
[WhiteElo "2150"]
[BlackElo "2442"]
[TimeControl "180+1"]
[EndTime "14:38:58 PST"]
[Termination "Fluffey won by resignation"]

1. e4 c5 2. Nf3 Nc6 3. d4 cxd4 4. Nxd4 e5 5. Nf3 Nf6 6. Bc4 Be7 7. O-O O-O 8. Nc3 d6 9. h3 Be6 10. Bb3 Rc8 11. Be3 h6 12. Qd3 Qd7 13. Rad1 Bxh3 14. gxh3 Qxh3 15. Nh2 Kh8 16. Bc1 Qd7 17. Nd5 Nh5 18.
Nxe7 Qxe7 19. Qh3 Nf4 20. Bxf4 exf4 21. f3 f5 22. exf5 Nd4 23. Rfe1 Qg5+ 24. Kh1 Nxf5 25. Qg4 Ng3+ 26. Kg2 Qc5 27. Re7 Nf5 28. Rd5 Ne3+ 29. Rxe3 Qxe3 30. Rxd6 Rc5 31. Rg6 Qd2+ 32. Kh3 Rxc2 33.
Qg1 Rxb2 34. Rxg7 Qxh2+ 35. Qxh2 Rxh2+ 36. Kxh2 Kxg7 37. Kh3 Kg6 38. Kg4 h5+ 39. Kh4 Kh6 40. Bc2 Rd8 0-1

[Event "Late-Titled-Tuesday-Blitz-February-20-2024"]
[Site "Chess.com"]
[Date "2024.02.20"]
[Round "4"]
[White "viniciusrego"]
[Black "NtcPou"]
[Result "1-0"]
[WhiteElo "2411"]
[BlackElo "2018"]
[TimeControl "180+1"]
[EndTime "14:38:58 PST"]
[Termination "viniciusrego won by resignation"]

1. Nf3 d5 2. g3 Nf6 3. c4 c6 4.
Bg2 a6 5. O-O h6 6. b3 b5 7. Bb2 Bf5 8. cxd5 cxd5 9. a4 b4 10.
d3 e6 11. Nbd2 Nbd7 12. Nd4 Bg6 13. N2f3 Bc5 14. Nc6 Qb6 15. Nce5 Nxe5 16. Nxe5 Bh7 17. a5 Qb5 18. Nf3 Be7 19. Nd4 Qd7 20. e4 dxe4 21.
dxe4 O-O 22. e5 Nd5 23. Qg4 Rac8 24. Rad1 Qa7 25. Nxe6 fxe6 26. Qxe6+ Kh8 27. Bxd5 Rc2 28. Bd4 Bc5 29. Bxc5 Qxc5 30. Qd6 Rfxf2 31. Qxc5 Rxf1+ 32. Rxf1 Rxc5 33. Rf8+ Bg8 34. Bxg8 Rxe5 35. Bc4+ Kh7 36. Bd3+ g6 37. Rb8 Re3 38. Bc4 Kg7 39. Rb6 Rc3 40.
Rxa6 Rc1+ 41. Kg2 Rc2+ 42. Kh3 g5 43. Rg6+ Kh7 44. Re6 h5 45. Bd3+ 1-0

[Event "Late-Titled-Tuesday-Blitz-February-20-2024"]
[Site "Chess.com"]
[Date "2024.02.20"]
[Round "4"]
[White "IMRosen"]
[Black "platy3"]
[Result "0-1"]
[WhiteElo "2692"]
[BlackElo "2954"]
[TimeControl "180+1"]
[EndTime "14:38:59 PST"]
[Termination "platy3 won on time"]

1. e4 e5 2. Nf3 Nc6 3. Nc3 Nf6 4. d4 exd4 5. Nxd4 Bb4 6. Nxc6 bxc6 7. Bd3 d5 8. Bd2 O-O 9. O-O Rb8 10. Re1 Bg4 11. Qc1 Re8 12. e5 Nd7 13. h3 Bh5 14. f4 Nc5 15. Bf1 f5 16. a3 Bxc3 17. Bxc3 Ne6 18. Bd3 Rf8 19. b4 Qh4 20. Bd2 Kh8 21. Rf1 Qe7 22. Qe1 c5 23. c3 c4 24.
Be2 Bxe2 25. Qxe2 c5 26. Rad1 a5 27. Be3 d4 28. cxd4 cxd4 29. Bxd4 axb4 30. Qxc4 bxa3 31. Ba1 Rfc8 32. Qa2 Rc6 33. Rd3 Ra6 34. Kh2 h6 35. Rff3 Rba8 36. Rfe3 Qb4 37. Rf3 Qe7 38. Rg3 Nc5 39.
Rd5 Ne4 40. Re3 Qh4 41. g3 Qh5 42. Rdd3 Rc8 0-1

[Event "Late-Titled-Tuesday-Blitz-February-20-2024"]
[Site "Chess.com"]
[Date "2024.02.20"]
[Round "4"]
[White "Genghis_K"]
[Black "ahkashefi2800"]
[Result "1-0"]
[WhiteElo "2944"]
[BlackElo "2549"]
[TimeControl "180+1"]
[EndTime "14:38:59 PST"]
[Termination "Genghis_K won by checkmate"]

1. e4 c6 2. Nf3 d5 3. Nc3 dxe4 4. Nxe4 Nd7 5. Qe2 Ndf6 6. d4 Bg4 7. c3 Qd5 8. h3 Bxf3 9. gxf3 O-O-O 10. h4 h5 11. Ng5 Nh6 12. Bh3+ Kb8 13. Bf4+ Ka8 14. O-O e6 15. c4 Qd7 16. Rfd1 Bd6 17. Be5 Qe7 18. Bg3 Qc7 19. Kg2 Nf5 20. Bxf5 exf5 21. Bxd6 Rxd6 22. Qe5 Rhd8 23. Rd2 g6 24. c5 Qa5 25. cxd6 Qxd2 26. Qxf6 Qa5 27. Nxf7 Rf8 28. d7 a6 29. d8=Q+ Rxd8 30. Qxd8+ Qxd8 31. Nxd8 Ka7 32. Ne6 Kb8 33. Nf4 Kc8 34. Nxg6 Kc7 35. Nf4 Kd6 36.
Rd1 c5 37. Nxh5 c4 38. Nf4 b5 39. h5 b4 40. h6 a5 41. h7 a4 42. h8=Q Kc6 43.
Qe5 a3 44. Rh1 b3 45. Rh6+ Kb7 46. Qg7+ Kb8 47. Rh8# 1-0

[Event "Late-Titled-Tuesday-Blitz-February-20-2024"]
[Site "Chess.com"]
[Date "2024.02.20"]
[Round "4"]
[White "SRob2003"]
[Black "rdarruda"]
[Result "0-1"]
[WhiteElo "2670"]
[BlackElo "2539"]
[TimeControl "180+1"]
[EndTime "14:38:59 PST"]
[Termination "rdarruda won by resignation"]

1. c4 Nf6 2. g3 e5 3. Bg2 Nc6 4. Nc3 Be7 5. e3 O-O 6. Nge2 d6 7. h3 Be6 8. b3 d5 9. cxd5 Nxd5 10.
O-O Qd7 11. Nxd5 Bxd5 12. a3 Bxg2 13. Kxg2 Rad8 14. Qc2 Qd3 15. Qxd3 Rxd3 16. Rb1 a5 17. Nc3 Rfd8 18. Nb5 R8d7 19. Kf3 f5 20. Ke2 e4 21. f3 exf3+ 22. Rxf3 g6 23. Rf1 Ne5 24. a4 Bb4 25. Rb2 c6 26. Nd4 c5 27. Nf3 Nc6 28. Ne1 R3d5 29.
Rc2 h5 30. Rf4 Ne5 31. Rb2 Nd3 32. Nxd3 Rxd3 33. Rf1 b6 34. Rf3 Ba3 35. Rc2 Bxc1 36. Rxc1 Rxd2+ 37. Ke1 Rh2 38. e4 Rh1+ 39. Rf1 Rh2 40. Rf2 Rh1+ 41. Rf1 Rxf1+ 42. Kxf1 fxe4 43. Rc3 Rd3 44. Rxd3 exd3 45. Ke1 Kf7 46. Kd2 Ke6 47. Kxd3 Kd5 48. h4 Kd6 49. Kc4 Kc6 50. Kc3 b5 51.
Kd3 c4+ 52. Kc3 cxb3 53. axb5+ Kxb5 54. Kxb3 Kc5 55. Ka4 Kd4 56. Kxa5 Ke4 0-1

[Event "Late-Titled-Tuesday-Blitz-February-20-2024"]
[Site "Chess.com"]
[Date "2024.02.20"]
[Round "4"]
[White "Rud_Makarian"]
[Black "Elsa167"]
[Result "1-0"]
[WhiteElo "3075"]
[BlackElo "2884"]
[TimeControl "180+1"]
[EndTime "14:39:00 PST"]
[Termination "Rud_Makarian won by resignation"]

1. d4 Nf6 2. c4 e6 3. Nf3 d5 4. Nc3 a6 5. cxd5 exd5 6. Bg5 Be6 7. e3 Nbd7 8. Bf4 Bb4 9. Bd3 O-O 10. O-O c6 11. h3 h6 12. Qc2 Re8 13. a3 Ba5 14.
Bh2 Bc7 15. Ne5 Nxe5 16. dxe5 Nd7 17. f4 Nc5 18. Ne2 Nxd3 19. Qxd3 c5 20. Rad1 g6 21. Nc3 d4 22. Ne4 Bf5 23. g4 Bxe4 24. Qxe4 Rb8 25. Kg2 Qd7 26. exd4 cxd4 27. Rxd4 Qb5 28. Rf2 a5 29. Rc2 Bb6 30. Rd5 Qb3 31. Qd3 Qxd3 32. Rxd3 Red8 33. Rb3 Bd4 34. Kf3 b6 35. Rd3 Bc5 36.
Rcd2 Rxd3+ 37. Rxd3 a4 38. f5 Rc8 39. Bf4 g5 40.
Bd2 b5 41. Rd5 Kg7 42. Bc3 Kg8 43. Ke4 Bxa3 44. Rxb5 Bf8 45. Bd4 a3 46. bxa3 Bxa3 47. Rb6 Bf8 48. e6 fxe6 49. fxe6 Rc1 50. Rb8 Re1+ 51.
Kf5 Rf1+ 52. Kg6 h5 1-0

[Event "Late-Titled-Tuesday-Blitz-February-20-2024"]
[Site "Chess.com"]
[Date "2024.02.20"]
[Round "4"]
[White "flubs"]
[Black "adwilhans"]
[Result "0-1"]
[WhiteElo "2457"]
[BlackElo "2340"]
[TimeControl "180+1"]
[EndTime "14:39:00 PST"]
[Termination "adwilhans won on time"]

1. c4 e5 2. Nc3 Nc6 3. g3 f5 4. Bg2 Nf6 5. e3 Bb4 6. Nge2 Bxc3 7.
Nxc3 O-O 8. O-O d6 9. d3 Ne7 10. f4 exf4 11. gxf4 c6 12. d4 Be6 13. b3 Qc7 14. Ba3 Rad8 15. Rc1 Qa5 16. Bb2 Rfe8 17. Qc2 d5 18. c5 Qc7 19. Nd1 Ne4 20. Nf2 Nxf2 21.
Rxf2 Bf7 22. Rf3 Kh8 23. Rh3 Qd7 24. Rf1 Ng8 25. Rff3 Nf6 26. Rfg3 Re7 27. Bc1 Rde8 28.
Bf3 Ne4 29. Bxe4 Rxe4 30. Qg2 Bg8 31. Rg5 b6 32. b4 bxc5 33. bxc5 Rb8 34. Qc2 Qb7 35.
Rxf5 Qb1 36. Qd2 Qa1 37. Rf3 Ree8 38. Re5 Rf8 39. Re7 Rf6 40. Kf2 Rh6 41. h3 Rb1 42.
Ba3 Rf1+ 43. Ke2 Rxf3 44. Kxf3 Rxh3+ 45. Kg4 Qh1 0-1

[Event "Late-Titled-Tuesday-Blitz-February-20-2024"]
[Site "Chess.com"]
[Date "2024.02.20"]
[Round "4"]
[White "Nick12772"]
[Black "penguingm1"]
[Result "0-1"]
[WhiteElo "2386"]
[BlackElo "2833"]
[TimeControl "180+1"]
[EndTime "14:39:01 PST"]
[Termination "penguingm1 won by checkmate"]

1. Nf3 b5 2. g3 d5 3. Bg2 Nd7 4. d4 Bb7 5. O-O e6 6. Bf4 c5 7. c3 a5 8. Nbd2 Ngf6 9. Re1 Be7 10. dxc5 Bxc5 11. Nb3 Bb6 12. Nbd4 Ne4 13. Ne5 Ndf6 14. Be3 O-O 15. Nxb5 Bxe3 16. fxe3 Qb6 17. Nd4 Qxb2 18. Rb1 Qxc3 19. Qd3 Qc7 20. Rec1 Qxe5 21. Rxb7 Nd6 22. Rb3 Nc4 23. Nc6 Qg5 24. Rf1 a4 25. Rc3 Ng4 26. e4 Nce5 27. Nxe5 Nxe5 28. Qd4 dxe4 29. Qxe4 Ra5 30.
Rc7 h6 31. Kh1 Qd8 32. Rb7 Qd2 33. Qb4 Qxb4 34. Rxb4 a3 35. Rfb1 g5 36. Bf3 Kg7 37. Rb7 Rc8 38. Kg2 Rc2 39. R7b5 Rxb5 40. Rxb5 Kf6 41.
Ra5 Rxa2 42. Kf2 Ra1 43. Ra7 a2 44. Be4 Ng4+ 45. Kg2 Ne3+ 46. Kf3 Nd1 47. Bd3 Nc3 48. Bc4 Rf1+ 49. Kg2 a1=Q 50. Rxa1 Rxa1 51. Kf3 h5 52.
Kg2 Ke5 53. Bd3 f5 54. h3 Nd5 55. h4 gxh4 56. gxh4 Nf4+ 57. Kg3 Nxd3 58. exd3 Ra4 59. Kh3 Rg4 60. d4+ Kxd4 61. Kh2 Ke3 62. Kh3 Kf2 63.
Kh2 e5 64. Kh3 e4 65. Kh2 e3 66. Kh3 e2 67. Kh2 e1=N 68. Kh3 f4 69. Kh2 Ke2 70. Kh3 f3 71. Kh2 f2 72. Kh3 Ke3 73. Kh2 Nd3 74. Kh3 Kd4 75. Kh2 f1=N+ 76. Kh3 Nf2# 0-1

[Event "Late-Titled-Tuesday-Blitz-February-20-2024"]
[Site "Chess.com"]
[Date "2024.02.20"]
[Round "4"]
[White "Bilan_Danila"]
[Black "Goryachkina"]
[Result "0-1"]
[WhiteElo "2464"]
[BlackElo "2690"]
[TimeControl "180+1"]
[EndTime "14:39:02 PST"]
[Termination "Goryachkina won on time"]

1. d4 Nf6 2. Nf3 d5 3. c4 e6 4. Nc3 dxc4 5. e3 a6 6. Bxc4 b6 7. O-O Bb7 8. Qe2 Nbd7 9. e4 b5 10. Bb3 b4 11. e5 bxc3 12. exf6 Nxf6 13. bxc3 Bd6 14. Bg5 O-O 15. Ne5 Be7 16. Rab1 a5 17.
Bxe6 fxe6 18. Rxb7 Qd6 19. Rfb1 Nd5 20. Bxe7 Qxe7 21.
Qd2 Nf4 22. Nd3 Ng6 23. Qe3 Nh4 24. Nc5 Rae8 25. Ra7 Qf6 26. Rxc7 Qg6 27. Qe4 Rf5 28. Rbb7 Nf3+ 29. Qxf3 Rxf3 30. Rxg7+ Qxg7 31. Rxg7+ Kxg7 32. gxf3 Kf6 33. Kf1 Ke7 34. Ke2 Rb8 35. Ke3 Rb2 36. a4 Rc2 0-1

[Event "Late-Titled-Tuesday-Blitz-February-20-2024"]
[Site "Chess.com"]
[Date "2024.02.20"]
[Round "4"]
[White "Navyblue1"]
[Black "Cambek64"]
[Result "1-0"]
[WhiteElo "2199"]
[BlackElo "2425"]
[TimeControl "180+1"]
[EndTime "14:39:03 PST"]
[Termination "Navyblue1 won by resignation"]

1. d4 f5 2. e4 fxe4 3. Nc3 Nf6 4.
Bg5 e6 5. Nxe4 Be7 6. Bxf6 Bxf6 7. Nf3 O-O 8. Bd3 d5 9. Nxf6+ gxf6 10. c4 Nc6 11.
cxd5 Qxd5 12. O-O Kh8 13. Bc2 Rg8 14. Qd3 Rg7 15. Kh1 b6 16. Qe4 Ne7 17. Qxd5 Nxd5 18. Rfe1 Bd7 19. Be4 c6 20. Rac1 Rc8 21. Nd2 Rgg8 22.
g3 Kg7 23. Nc4 Rgd8 24. Nd6 Rb8 25. Bxd5 cxd5 26. Rc7 a5 27. Rec1 Kg6 28. Nb7 Bb5 29. Nxd8 Rxd8 30. R1c3 Rd6 31. Re7 h5 32. Kg2 a4 33. b3 a3 34. b4 Kf5 35. Rxa3 Be2 36. Re3 Bd1 37. a3 Rc6 38. h3 b5 39. Rb7 Rc4 40.
Rxb5 Rxd4 41. Rb6 Bc2 42. Rexe6 Be4+ 43. Kf1 Bf3 44. Rxf6+ Ke4 45. Rbe6+ Kd3 46. Rxf3+ Kc4 47. Ree3 1-0

[Event "Late-Titled-Tuesday-Blitz-February-20-2024"]
[Site "Chess.com"]
[Date "2024.02.20"]
[Round "4"]
[White "Franmu14"]
[Black "sansanathalia"]
[Result "1/2-1/2"]
[WhiteElo "2677"]
[BlackElo "2393"]
[TimeControl "180+1"]
[EndTime "14:39:04 PST"]
[Termination "Game drawn by repetition"]

1. e4 c5 2. Nc3 d6 3. Bb5+ Bd7 4. Bxd7+ Qxd7 5. d4 cxd4 6. Qxd4 Nc6 7. Qe3 Nf6 8. b3 e6 9. Bb2 Be7 10. O-O-O O-O 11.
Kb1 a6 12. f4 Qc7 13. Nf3 b5 14. h3 a5 15. Nxb5 Qb8 16. a4 Rd8 17. g4 Nd7 18.
g5 Nc5 19. h4 Na7 20. Nfd4 Nxb5 21. Nxb5 Qb7 22. Rhe1 Rac8 23. h5 Bf8 24. f5 exf5 25.
exf5 d5 26. h6 Ne4 27. hxg7 Bxg7 28. Bxg7 Kxg7 29. Qd4+ Kg8 30. Rh1 Qc6 31. g6 f6 32.
c4 Qd7 33. Qxd5+ Qxd5 34. Rxd5 Rxd5 35. gxh7+ Kh8 36. cxd5 Ng3 37. Rh6 Rf8 38. Nd6 Kg7 39. Rh4 Rd8 40. Rg4+ Kxh7 41. Rxg3 Rxd6 42. Rd3 Kh6 43.
Kc2 Kg5 44. Kc3 Kxf5 45. Kd4 Rb6 46. Kc5 Rb8 47. d6 Ke6 48. Re3+ Kd7 49. Re7+ Kd8 50. Re3 Kd7 51. Rh3 Ke6 52. Re3+ Kd7 1/2-1/2

[Event "Late-Titled-Tuesday-Blitz-February-20-2024"]
[Site "Chess.com"]
[Date "2024.02.20"]
[Round "4"]
[White "MeisterJabo"]
[Black "Abund"]
[Result "1/2-1/2"]
[WhiteElo "2436"]
[BlackElo "2789"]
[TimeControl "180+1"]
[EndTime "14:39:05 PST"]
[Termination "Game drawn by repetition"]

1. c4 e6 2. g3 d5 3. Nf3 Nf6 4. Bg2 Be7 5. O-O O-O 6. d4 dxc4 7. Ne5 c5 8. dxc5 Bxc5 9. Nd2 c3 10. bxc3 Qc7 11.
Nd3 Be7 12. Rb1 Nc6 13. Nc4 Nd5 14. Qc2 Bf6 15. Bd2 Nde7 16. Rfd1 e5 17. Be3 Be6 18. Nd2 g6 19. Ne4 Bg7 20. Bc5 Rad8 21. Nb4 Nxb4 22. Bxb4 Rxd1+ 23. Rxd1 Rd8 24. Bd6 Qd7 25. Rd2 Qe8 26. Nc5 Nf5 27. Nxb7 Rc8 28. Bb4 Bf8 29. Nd6 Nxd6 30. Bxd6 Bxd6 31. Rxd6 Qe7 32.
Qd2 Rxc3 33. Rxe6 Qc5 34. Re8+ Kg7 35. h4 Rc1+ 36. Kh2 h5 37. e3 Rc2 38. Qd8 Rxf2 39. Rg8+ Kh7 40. Rh8+ Kg7 41. Rg8+ Kh7 42. Rh8+ Kg7 43. Qg8+ Kf6 44. Qd8+ Kg7 1/2-1/2

[Event "Late-Titled-Tuesday-Blitz-February-20-2024"]
[Site "Chess.com"]
[Date "2024.02.20"]
[Round "4"]
[White "kalxandria"]
[Black "Herman-NY"]
[Result "0-1"]
[WhiteElo "2262"]
[BlackElo "2516"]
[TimeControl "180+1"]
[EndTime "14:39:05 PST"]
[Termination "Herman-NY won by checkmate"]

1. e4 e5 2. Nf3 Nc6 3. Bc4 Nf6 4. d3 Be7 5. c3 O-O 6. Nbd2 d6 7. a4 a5 8. O-O Be6 9. Bxe6 fxe6 10. Re1 h6 11. d4 exd4 12. Nxd4 Qd7 13. N2f3 Nxd4 14. Nxd4 e5 15. Nf5 Kh7 16. h3 Rae8 17. Qd3 Bd8 18. c4 Qc6 19. b3 Nd7 20. Bd2 b6 21. h4 Nc5 22. Qg3 Ne6 23. h5 Bg5 24. Rad1 Rf7 25. Be3 Ref8 26. Rd5 Qe8 27. Qh3 Rf6 28. g3 Qf7 29. Rf1 Bxe3 30. Nxe3 Ng5 31. Qg4 Nf3+ 32.
Kg2 g6 33. hxg6+ Rxg6 34. Qf5 Qg7 35. Qh3 Rf7 36. Nf5 Rxf5 37. exf5 Rg5 38. Kxf3 Qf6 39. Kg2 e4 40. Rh1 e3 41. f4 Rg8 42. Rdd1 Qb2+ 43. Kf3 Qf2+ 44. Ke4 Re8+ 45. Kd5 Qf3+ 46.
Kd4 Re4+ 47. Kd3 e2+ 48. Kc2 exd1=Q+ 49. Rxd1 Re2+ 50. Rd2 Qe4+ 51. Kd1 Re1# 0-1

[Event "Late-Titled-Tuesday-Blitz-February-20-2024"]
[Site "Chess.com"]
[Date "2024.02.20"]
[Round "4"]
[White "krucki03"]
[Black "MyDream003"]
[Result "0-1"]
[WhiteElo "2542"]
[BlackElo "2750"]
[TimeControl "180+1"]
[EndTime "14:39:07 PST"]
[Termination "MyDream003 won by checkmate"]

1. d4 Nf6 2. Nf3 g6 3. g3 b6 4. Bg2 Bb7 5. O-O Bg7 6. a4 a6 7. c4 a5 8. b3 O-O 9. Bb2 Na6 10. d5 e6 11. dxe6 dxe6 12. Na3 Nc5 13. Qc2 Be4 14. Qc3 Nh5 15. Ne5 Bxg2 16. Kxg2 Qg5 17. f4 Qf5 18.
Nb5 Qe4+ 19. Qf3 Qxf3+ 20. Rxf3 Rad8 21. Ba3 Rd2 22. Bxc5 bxc5 23. Re1 Rc8 24. Rd3 Rxd3 25. exd3 c6 26. Nd6 Rb8 27. Nexf7 Rxb3 28. Rxe6 Rb2+ 29. Kh3 Bd4 30. Ng5 Nf6 31. Ne8 Nh5 32. Re7 h6 33. Nf3 Bg7 34. Nxg7 Nxg7 35. Ne5 g5 36. fxg5 hxg5 37.
Rc7 Ne6 38. Rxc6 Nd4 39. Rxc5 Ra2 40. Ng4 Nf3 41. Rxa5 Ng1# 0-1

[Event "Late-Titled-Tuesday-Blitz-February-20-2024"]
[Site "Chess.com"]
[Date "2024.02.20"]
[Round "4"]
[White "mbojan"]
[Black "Polish_fighter3000"]
[Result "1-0"]
[WhiteElo "2886"]
[BlackElo "3057"]
[TimeControl "180+1"]
[EndTime "14:39:09 PST"]
[Termination "mbojan won on time"]

1. e4 e5 2. Nf3 Nc6 3. Bb5 a6 4. Ba4 Nf6 5. O-O Be7 6. Re1 b5 7. Bb3 O-O 8. h3 d6 9. c3 Nb8 10. d4 Nbd7 11. c4 c6 12. Nc3 h6 13. a3 Rb8 14. cxb5 axb5 15. Be3 Re8 16. Nh4 Bf8 17. Ng6 exd4 18. Bxd4 Nc5 19. Nxf8 Nxb3 20. Qxb3 Kxf8 21. Rad1 Be6 22. Qc2 b4 23. axb4 Rxb4 24. Bc5 dxc5 25. Rxd8 Rxd8 26. Na4 Kg8 27. Nc3 Rbd4 28. e5 Nd5 29.
Ne4 Nb4 30. Qc3 Nd3 31. Re3 R8d5 32. Kh2 c4 33. Nd6 Nxf2 34. Qa3 Rd3 35. Qa8+ Kh7 36.
Re2 Nxh3 37. gxh3 Rxh3+ 38. Kg2 Rdd3 39. Qxc6 Rhg3+ 40. Kf2 Bd5 41. Qc5 Rgf3+ 42. Ke1 h5 43. Ne4 Bxe4 44. Rxe4 g5 45. e6 fxe6 46. Rxe6 Rf7 47.
Qxg5 1-0

[Event "Late-Titled-Tuesday-Blitz-February-20-2024"]
[Site "Chess.com"]
[Date "2024.02.20"]
[Round "4"]
[White "lucasran"]
[Black "ajeale2"]
[Result "1-0"]
[WhiteElo "2644"]
[BlackElo "2498"]
[TimeControl "180+1"]
[EndTime "14:39:11 PST"]
[Termination "lucasran won on time"]

1. Nf3 d5 2. d4 Nf6 3. c4 e6 4. Nc3 Be7 5. Bg5 O-O 6. e3 a6 7. cxd5 exd5 8. Qc2 c6 9. Bd3 Nbd7 10. O-O Re8 11. Rac1 Nf8 12. Rfd1 g6 13. Na4 Bg4 14. Be2 Ne6 15. Bh4 Bf5 16. Qb3 b5 17. Nc3 a5 18. a4 b4 19. Nb1 Rc8 20. Nbd2 h6 21. Bd3 Ne4 22. Bxe7 Qxe7 23. Bxe4 dxe4 24. Ne5 c5 25. d5 Ng5 26. Ndc4 f6 27. d6 Qe6 28. d7 fxe5 29. dxe8=Q+ Rxe8 30. Nxa5 Bg4 31. Rd2 Rc8 32. h3 Bf5 33. Qxe6+ Bxe6 34. b3 Bxh3 35. Rd5 Be6 36.
Rdxc5 Rd8 37. Rxe5 Kf7 38. Nc6 Rd2 39. Nd4 Bg4 40. a5 Kf6 41. Rb5 Ra2 42. Rc6+ Ke7 43. Rb7+ Kd8 44. a6 Bd7 45. Rd6 Kc8 46. Rdxd7 Ra1+ 47.
Kh2 1-0

[Event "Late-Titled-Tuesday-Blitz-February-20-2024"]
[Site "Chess.com"]
[Date "2024.02.20"]
[Round "4"]
[White "LuckyTiger"]
[Black "JackRodgers"]
[Result "1-0"]
[WhiteElo "2781"]
[BlackElo "2551"]
[TimeControl "180+1"]
[EndTime "14:39:12 PST"]
[Termination "LuckyTiger won on time"]

1. e4 c5 2. Nf3 g6 3. c3 Bg7 4. d4 cxd4 5. cxd4 d5 6. e5 Bg4 7.
Nbd2 Nc6 8. h3 Bxf3 9. Nxf3 Nh6 10. Be2 O-O 11. O-O f6 12. exf6 Rxf6 13. Bg5 Rf8 14. Qb3 Qd7 15. Rad1 Nf5 16. Bb5 e6 17. Ne5 Bxe5 18.
dxe5 a6 19. Bxc6 Qxc6 20. g4 Ng7 21. Rc1 Qd7 22. Qb6 Rac8 23. Qd6 Qf7 24. f4 Rc4 25. b3 Ne8 26. Qb6 Re4 27. Bh6 Qe7 28. Bxf8 Qh4 29. Rc3 d4 30. Qxb7 Kxf8 31. Qxe4 dxc3 32. Kg2 h5 33.
Qe1 Qe7 34. Qxc3 hxg4 35. hxg4 Qb7+ 36. Kg3 Qe4 37. Re1 Qd5 38. Qb4+ Kg8 39. Qe4 Qd2 40.
Qxg6+ Ng7 41. Qe4 Qxa2 42. Qd3 Qa3 43. Rd1 Kf7 44. Qc3 a5 45. Rd7+ Kg8 46. Kh4 1-0

[Event "Late-Titled-Tuesday-Blitz-February-20-2024"]
[Site "Chess.com"]
[Date "2024.02.20"]
[Round "4"]
[White "jcibarra"]
[Black "Gentlejimmy7"]
[Result "1-0"]
[WhiteElo "2921"]
[BlackElo "2567"]
[TimeControl "180+1"]
[EndTime "14:39:13 PST"]
[Termination "jcibarra won by resignation"]

1. e4 c6 2. Nf3 d5 3. d3 dxe4 4. dxe4 Qxd1+ 5. Kxd1 f6 6. a4 e5 7. Bc4 Bg4 8. Nd2 Bh5 9. c3 Bc5 10. a5 Nd7 11. Ke2 Ne7 12. b4 Bd6 13. Be6 Bf7 14. Nc4 Bc7 15. Bxf7+ Kxf7 16. Be3 Nf8 17. Rhd1 Ne6 18.
Rd7 Rhd8 19. Rxd8 Nxd8 20. Nfd2 Ne6 21. g3 a6 22. Nb3 Rd8 23. Bb6 Nc8 24. Bxc7 Nxc7 25.
Nc5 Nb5 26. Rc1 Ncd6 27. Nb6 Ke7 28. f3 Nc7 29. c4 Ne6 30. Nb3 Nc8 31. Nxc8+ Rxc8 32. Ke3 Rd8 33. f4 Kd6 34. f5 Nd4 35. Nxd4 exd4+ 36. Kxd4 c5+ 37. bxc5+ Kc6+ 38. Kc3 Re8 39. Kd3 Rd8+ 40.
Kc3 Re8 41. Re1 Re5 42. Kd4 Rxc5 43. Ra1 Re5 44. g4 h6 45. h4 Rc5 46. g5 hxg5 47. hxg5 Re5 48. gxf6 gxf6 49. Rg1 Rxa5 50. Rg6 b5 51.
Rxf6+ Kd7 52. c5 Ra1 53. Rd6+ Kc7 54. f6 Rd1+ 55. Ke5 Rf1 56. Rxa6 b4 57. Rb6 b3 58. Rxb3 Kc6 59. Ke6 Kxc5 60. f7 Kd4 61. e5 Rxf7 62.
Kxf7 Kxe5 63. Rb1 1-0

[Event "Late-Titled-Tuesday-Blitz-February-20-2024"]
[Site "Chess.com"]
[Date "2024.02.20"]
[Round "4"]
[White "karinachess1"]
[Black "delqate"]
[Result "0-1"]
[WhiteElo "2657"]
[BlackElo "2533"]
[TimeControl "180+1"]
[EndTime "14:39:13 PST"]
[Termination "delqate won by resignation"]

1. d4 d5 2. c4 c6 3. Nf3 Nf6 4.
g3 g6 5. b3 Bg7 6. Bb2 O-O 7.
Bg2 Bf5 8. O-O Nbd7 9. Nc3 Ne4 10. Nh4 Nxc3 11. Bxc3 Be6 12. cxd5 cxd5 13. f4 Rc8 14. Bb2 f5 15. Nf3 Nf6 16. Ne5 Ne4 17. Qd3 Qa5 18. a3 Qd2 19. Bc1 Qc2 20. Be3 Rc3 21.
Qxc2 Rxc2 22. Bf3 Rfc8 23. Rac1 R2c3 24. Bxe4 dxe4 25. Kf2 Bxb3 26. Rxc3 Rxc3 27. Rb1 Bd5 28. Rb5 e6 29. a4 Bf8 30. Rb2 Ra3 31. Nd7 Rxa4 32. Nc5 Bxc5 33. dxc5 a5 34. Bd2 Ra3 35.
Rb5 a4 36. Ra5 Kf7 37. Ra7 Ke8 38. Be3 Kd7 39. Bd4 Kc6 40. e3 Ra2+ 41. Kg1 a3 42.
Ra8 Kb5 43. h3 Kc4 44. g4 Kb3 45. gxf5 gxf5 46. Rh8 Rc2 47. Rxh7 a2 48. h4 Rb2 49. Bxb2 Kxb2 50. Kg2 a1=Q 51. Kg3 Qg1+ 52. Kh3 Qxe3+ 0-1